[ AOE2 MATCH · #505549032 ]
UnrankedPortuguese vs Vikings
Player's team · WIN
Rival team · LOSS
[ REPLAY ANALYSIS · EXTRACTED FROM THE RECORDED GAME ]
Feudal
10:51
Castle
16:02
Imperial
—
| APM avg | 48.0 |
| APM peak | 91 |
| eAPM avg | 21.6 |
| Villagers / military | 30 / 15 |
Focus
⚔️ 27.6% · 🌾 72.4%
Organ Gun ×12 · Monk ×3
Feudal
9:18
Castle
21:43
Imperial
—
| APM avg | 54.2 |
| APM peak | 103 |
| eAPM avg | 23.8 |
| Villagers / military | 57 / 9 |
Focus
⚔️ 30.1% · 🌾 69.9%
Militia ×5 · Scout Cavalry ×4
Match map
Initial resources + every placement click. Lines = walls · curves = elevation contours. ◆ gold · ⬟ stone · ● berries · ✦ relic · ◌ wall gap
Your base· Open — unwalled flank
Dkastro's base· Open — 6t gap
Smoothed initial terrain · ◌ = detected wall gap · hover for details
Inputs per minute
— Tom Tucker - - Dkastro
Build order — Tom Tucker
84 actions detected in the replay
| 0:00 | Create | Villager (Male) |
| 0:01 | Create | Villager (Male) |
| 0:02 | Build | House |
| 0:03 | Build | House |
| 0:11 | Create | Villager (Male) |
| 0:11 | Create | Villager (Male) |
| 1:29 | Create | Villager (Male) |
| 1:29 | Create | Villager (Male) |
| 1:45 | Build | Lumber Camp |
| 1:56 | Create | Villager (Male) |
| 2:12 | Create | Villager (Male) |
| 2:12 | Create | Villager (Male) |
| 2:43 | Create | Villager (Male) |
| 3:20 | Create | Villager (Male) |
| 3:20 | Create | Villager (Male) |
| 3:41 | Build | House |
| 3:44 | Create | Villager (Male) |
| 3:52 | Create | Villager (Male) |
| 4:31 | Create | Villager (Male) |
| 4:31 | Create | Villager (Male) |
| 4:57 | Build | Mill |
| 5:16 | Create | Villager (Male) |
| 5:24 | Create | Villager (Male) |
| 6:06 | Create | Villager (Male) |
| 6:16 | Create | Villager (Male) |
| 6:42 | Build | House |
| 6:57 | Create | Villager (Male) |
| 7:10 | Build | Palisade Wall |
| 7:20 | Create | Villager (Male) |
| 7:20 | Create | Villager (Male) |
| 7:22 | Research | Loom |
| 7:39 | Build | Mining Camp |
| 8:22 | Research | Feudal Age |
| 8:56 | Build | Palisade Wall |
| 8:57 | Build | Palisade Wall |
| 8:58 | Build | Palisade Wall |
| 8:58 | Build | Palisade Wall |
| 8:59 | Build | Palisade Wall |
| 8:59 | Build | Palisade Wall |
| 9:01 | Build | Palisade Wall |
| 9:02 | Build | Palisade Wall |
| 9:03 | Build | Palisade Wall |
| 9:04 | Build | Palisade Wall |
| 9:04 | Build | Palisade Wall |
| 10:38 | Create | Villager (Male) |
| 10:38 | Create | Villager (Male) |
| 10:51 | Age | Feudal Age |
| 10:54 | Build | Watch Tower |
| 11:40 | Build | Palisade Wall |
| 11:40 | Build | Palisade Wall |
| 11:44 | Build | Palisade Wall |
| 11:45 | Build | Palisade Wall |
| 12:13 | Create | Villager (Male) |
| 12:15 | Build | Market |
| 12:17 | Build | Blacksmith |
| 12:22 | Build | Stone Wall |
| 12:23 | Build | Stone Wall |
| 13:22 | Research | Castle Age |
| 13:22 | Research | Castle Age |
| 14:32 | Create | Villager (Male) |
| 15:38 | Create | Villager (Male) |
| 16:02 | Age | Castle Age |
| 16:08 | Build | Castle |
| 16:23 | Create | Villager (Male) |
| 16:25 | Build | Mining Camp |
| 16:46 | Build | Monastery |
| 17:04 | Create | Organ Gun |
| 17:05 | Create | Organ Gun |
| 17:23 | Create | Organ Gun |
| 17:43 | Create | Monk |
| 18:08 | Create | Organ Gun |
| 18:08 | Create | Organ Gun |
| 18:17 | Create | Organ Gun |
| 18:25 | Create | Organ Gun |
| 18:49 | Create | Monk |
| 19:10 | Create | Organ Gun |
| 19:11 | Create | Villager (Male) |
| 19:43 | Create | Organ Gun |
| 19:54 | Create | Organ Gun |
| 20:14 | Create | Organ Gun |
| 20:15 | Create | Monk |
| 20:35 | Research | Sanctity |
| 20:59 | Create | Organ Gun |
| 22:04 | Research | Redemption |
Build order — Dkastro
138 actions detected in the replay
| 0:01 | Create | Villager (Male) |
| 0:02 | Build | House |
| 0:02 | Build | House |
| 0:06 | Create | Villager (Male) |
| 0:07 | Create | Villager (Male) |
| 0:08 | Create | Villager (Male) |
| 0:08 | Create | Villager (Male) |
| 1:23 | Create | Villager (Male) |
| 1:55 | Build | Lumber Camp |
| 1:58 | Create | Villager (Male) |
| 1:58 | Create | Villager (Male) |
| 2:15 | Create | Villager (Male) |
| 2:15 | Create | Villager (Male) |
| 2:41 | Create | Villager (Male) |
| 2:41 | Create | Villager (Male) |
| 3:01 | Create | Villager (Male) |
| 3:01 | Create | Villager (Male) |
| 3:33 | Build | House |
| 3:39 | Create | Villager (Male) |
| 3:40 | Create | Villager (Male) |
| 3:49 | Create | Villager (Male) |
| 3:49 | Create | Villager (Male) |
| 4:35 | Create | Villager (Male) |
| 4:35 | Create | Villager (Male) |
| 4:35 | Create | Villager (Male) |
| 4:36 | Create | Villager (Male) |
| 4:57 | Create | Villager (Male) |
| 4:57 | Create | Villager (Male) |
| 4:57 | Create | Villager (Male) |
| 5:11 | Build | Barracks |
| 5:50 | Build | House |
| 6:07 | Research | Loom |
| 6:12 | Build | Palisade Wall |
| 6:42 | Create | Villager (Male) |
| 7:08 | Research | Feudal Age |
| 7:11 | Build | Mining Camp |
| 7:34 | Create | Militia |
| 7:34 | Create | Militia |
| 7:50 | Create | Militia |
| 8:14 | Create | Militia |
| 8:19 | Build | Mill |
| 8:52 | Build | Farm |
| 8:56 | Create | Villager (Male) |
| 9:07 | Build | Farm |
| 9:18 | Age | Feudal Age |
| 9:24 | Research | Man-at-Arms (upgrade) |
| 9:28 | Create | Villager (Male) |
| 9:29 | Build | Farm |
| 9:34 | Build | House |
| 9:48 | Build | Farm |
| 9:50 | Build | Farm |
| 10:13 | Create | Villager (Male) |
| 10:29 | Create | Villager (Male) |
| 10:35 | Build | Farm |
| 10:36 | Build | Farm |
| 10:36 | Create | Villager (Male) |
| 10:50 | Create | Villager (Male) |
| 10:59 | Build | Farm |
| 11:10 | Create | Villager (Male) |
| 11:18 | Research | Double-Bit Axe |
| 11:21 | Create | Villager (Male) |
| 11:21 | Create | Villager (Male) |
| 11:45 | Create | Villager (Male) |
| 11:54 | Build | Watch Tower |
| 12:03 | Create | Villager (Male) |
| 12:05 | Build | Farm |
| 12:15 | Create | Villager (Male) |
| 12:17 | Build | House |
| 12:33 | Create | Militia |
| 12:36 | Build | Farm |
| 12:40 | Create | Villager (Male) |
| 12:46 | Create | Villager (Male) |
| 13:03 | Create | Villager (Male) |
| 13:04 | Build | House |
| 13:12 | Build | House |
| 13:17 | Create | Villager (Male) |
| 13:31 | Build | Watch Tower |
| 13:33 | Create | Villager (Male) |
| 13:38 | Build | House |
| 13:40 | Build | Palisade Wall |
| 13:51 | Build | House |
| 13:52 | Create | Villager (Male) |
| 13:54 | Build | Mining Camp |
| 14:04 | Create | Villager (Male) |
| 14:25 | Create | Villager (Male) |
| 14:44 | Create | Villager (Male) |
| 14:51 | Create | Villager (Male) |
| 14:58 | Build | Watch Tower |
| 15:08 | Create | Villager (Male) |
| 15:31 | Create | Villager (Male) |
| 15:36 | Build | House |
| 15:42 | Build | House |
| 15:45 | Create | Villager (Male) |
| 15:55 | Build | House |
| 15:58 | Create | Villager (Male) |
| 16:09 | Create | Villager (Male) |
| 16:11 | Build | Farm |
| 16:13 | Build | Farm |
| 16:17 | Build | Palisade Wall |
| 16:38 | Build | Outpost |
| 16:40 | Research | Town Watch |
| 16:54 | Build | House |
| 17:11 | Build | Watch Tower |
| 17:13 | Build | House |
| 17:14 | Create | Villager (Male) |
| 17:17 | Build | House |
| 17:28 | Build | Market |
| 17:30 | Build | Farm |
| 17:31 | Build | Farm |
| 17:44 | Build | Farm |
| 17:46 | Create | Villager (Male) |
| 18:15 | Create | Villager (Male) |
| 18:24 | Build | Blacksmith |
| 18:31 | Build | Farm |
| 18:58 | Build | Watch Tower |
| 19:01 | Build | Farm |
| 19:03 | Research | Castle Age |
| 19:33 | Research | Horse Collar |
| 19:43 | Build | House |
| 19:56 | Build | Mining Camp |
| 20:23 | Build | Stable |
| 20:49 | Build | House |
| 20:51 | Create | Scout Cavalry |
| 20:54 | Research | Scale Barding Armor |
| 20:55 | Research | Scale Barding Armor |
| 21:14 | Create | Villager (Male) |
| 21:20 | Build | House |
| 21:22 | Build | Palisade Wall |
| 21:22 | Build | Palisade Wall |
| 21:26 | Build | Outpost |
| 21:33 | Create | Scout Cavalry |
| 21:41 | Create | Scout Cavalry |
| 21:43 | Age | Castle Age |
| 21:43 | Research | Forging |
| 21:47 | Build | House |
| 21:49 | Build | House |
| 21:54 | Build | Siege Workshop |
| 21:57 | Create | Scout Cavalry |
Match timeline
| 5:11 | Dkastro · first_building Barracks |
| 6:12 | Dkastro · wall_segment Palisade Wall x6 |
| 7:10 | Tom Tucker · wall_segment Palisade Wall x4 |
| 8:56 | Tom Tucker · wall_segment Palisade Wall x1 |
| 8:57 | Tom Tucker · wall_segment Palisade Wall x1 |
| 8:58 | Tom Tucker · wall_segment Palisade Wall x1 |
| 8:58 | Tom Tucker · wall_segment Palisade Wall x1 |
| 8:59 | Tom Tucker · wall_segment Palisade Wall x1 |
| 8:59 | Tom Tucker · wall_segment Palisade Wall x1 |
| 9:01 | Tom Tucker · wall_segment Palisade Wall x1 |
| 9:02 | Tom Tucker · wall_segment Palisade Wall x1 |
| 9:03 | Tom Tucker · wall_segment Palisade Wall x1 |
| 9:04 | Tom Tucker · wall_segment Palisade Wall x1 |
| 9:04 | Tom Tucker · wall_segment Palisade Wall x1 |
| 9:18 | Dkastro · age_up feudal |
| 10:51 | Tom Tucker · age_up feudal |
| 11:40 | Tom Tucker · wall_segment Palisade Wall x1 |
| 11:40 | Tom Tucker · wall_segment Palisade Wall x1 |
| 11:44 | Tom Tucker · wall_segment Palisade Wall x1 |
| 11:45 | Tom Tucker · wall_segment Palisade Wall x1 |
| 12:22 | Tom Tucker · wall_segment Stone Wall x1 |
| 12:23 | Tom Tucker · wall_segment Stone Wall x1 |
| 13:20 | Tom Tucker · first_market_sell 100 wood |
| 13:40 | Dkastro · wall_segment Palisade Wall x1 |
| 16:02 | Tom Tucker · age_up castle |
| 16:08 | Tom Tucker · first_building Castle |
| 16:17 | Dkastro · wall_segment Palisade Wall x1 |
| 16:46 | Tom Tucker · first_building Monastery |
| 18:21 | Dkastro · first_market_buy 100 wood |
| 20:23 | Dkastro · first_building Stable |
| 21:22 | Dkastro · wall_segment Palisade Wall x1 |
| 21:22 | Dkastro · wall_segment Palisade Wall x1 |
| 21:43 | Dkastro · age_up castle |
| 21:54 | Dkastro · first_building Siege Workshop |
| 22:08 | Dkastro · resign |
[ AI ANALYSIS · 1 CREDIT ]
What really happened in this match?
Wolo.gg analyzes every decision: build order, eco, micro, common mistakes by bracket. Personalized analysis on WhatsApp or Discord in 30 seconds.
Civ guide
Portuguese
Perfil
Jugador #6252402